 Dungeon Crawl Stone Soup version 0.23-a0-350-g6fd5563 (webtiles) character file.

4872 JeffiDaFish the Jinx (level 10, -6/45 HPs)
             Began as a Spriggan Enchanter on Oct 20, 2018.
             Was an Initiate of Sif Muna.
             Mangled by a two-headed ogre
             ... wielding a +0 dire flail
              (25 damage)
             ... on level 7 of the Dungeon.
             The game lasted 00:36:45 (11879 turns).

JeffiDaFish the Jinx (Spriggan Enchanter)          Turns: 11879, Time: 00:36:46

Health: -6/45      AC:  6    Str:  6    XL:     10   Next: 26%
Magic:  12/25      EV: 24    Int: 20    God:    Sif Muna [......]
Gold:   431        SH:  5    Dex: 17    Spells: 20/29 levels left

rFire    x . .     SeeInvis +   g - +2 dagger (venom)
rCold    + . .     Gourm    .   (shield restricted)
rNeg     . . .     Faith    .   v - +0 robe {Archmagi}
rPois    +         Spirit   .   (helmet restricted)
rElec    .         Reflect  +   y - +2 cloak
rCorr    .         Harm     .   (gloves unavailable)
MR       +....                  (boots unavailable)
Stlth    +++.......             e - +5 amulet of reflection
HPRegen  0.15/turn              c - ring of poison resistance
MPRegen  0.19/turn              n - ring of ice

@: very quick
A: very small, unfitting armour, rugged brown scales 1, see invisible,
herbivore, speed 3, slow metabolism 2, strong 1
a: Renounce Religion


You were on level 7 of the Dungeon.
You worshipped Sif Muna.
Sif Muna was noncommittal.
You were near starving.

You visited 2 branches of the dungeon, and saw 9 of its levels.
You also visited: Sewer.

You collected 431 gold pieces.

Inventory:

Hand Weapons
 g - a +2 dagger of venom (weapon)
Armour
 k - a +1 robe of magic resistance
 q - the +0 buckler of the Ladybird {rF+ rCorr}
   (You found it on level 6 of the Dungeon)

   It protects you from fire.
   It provides partial protection from all sources of acid and corrosion.
 v - a +0 robe of the Archmagi (worn)
 y - a +2 cloak (worn)
Jewellery
 c - a ring of poison resistance (left hand)
 e - a +5 amulet of reflection (around neck)
 f - an uncursed ring of flight
 j - an uncursed amulet of guardian spirit {unknown}
 n - a ring of ice (right hand)
 r - an uncursed amulet of harm {unknown}
Wands
 u - a wand of disintegration (12)
 x - a wand of random effects (38)
 A - a wand of polymorph (13)
Scrolls
 b - 2 scrolls of remove curse
 h - 2 scrolls of blinking
 l - 3 scrolls of fear
 m - a scroll of teleportation
 o - a scroll of magic mapping
 t - 2 scrolls of identify
 B - a scroll of enchant armour
Potions
 a - 2 potions of haste
 i - 2 potions of might
 p - a potion of flight
 s - a potion of mutation
 w - a potion of heal wounds
 z - 2 potions of curing
Comestibles
 d - 9 rations


   Skills:
 - Level 1.1 Short Blades
 + Level 9.0 Dodging
 - Level 4.9 Stealth
 * Level 3.9 Shields
 * Level 10.4 Spellcasting
 - Level 2.0 Conjurations
 * Level 10.7 Hexes
 - Level 2.4 Ice Magic


You had 20 spell levels left.
You knew the following spells:

 Your Spells              Type           Power        Failure   Level  Hunger
a - Corona                Hex            ######.      1%          1    None
b - Ensorcelled Hibernat  Hex/Ice        ######       1%          2    None
c - Confuse               Hex            ######..     1%          3    None
d - Dazzling Spray        Conj/Hex       ######       1%          3    None

Your spell library contained the following spells:

 Spells                   Type           Power        Failure   Level  Hunger
 Slow                     Hex            ######..     1%          2    None
 Tukima's Dance           Hex            ######..     1%          3    None
 Magic Dart               Conj           ####         3%          1    None
 Blink                    Tloc           N/A          10%         2    None
 Call Imp                 Summ           ###.....     10%         2    None
 Conjure Flame            Conj/Fire      ###.....     13%         3    None
 Mephitic Cloud           Conj/Pois/Air  ###.....     16%         3    None


Dungeon Overview and Level Annotations

Branches:
Dungeon (8/15)             Temple (1/1) D:7
   Lair: D:8-11

Altars:
Cheibriados
Kikubaaqudgha
Okawaru
Qazlal
Sif Muna
Vehumet
Wu Jian
Zin

Annotations:
D:3 3 runed doors, dragnorr's ghost, amateur HuCj


Innate Abilities, Weirdness & Mutations

You are very small and have problems with some larger weapons.
You are too small for most types of armour.
You have supernaturally acute eyesight. (SInv)
You are a herbivore.
You cover ground extremely quickly.
You need to consume almost no food.
You are partially covered in rugged brown scales. (AC +1, +3% HP)
Your muscles are strong. (Str +2)


Message History

The two-headed ogre is heavily wounded.
The two-headed ogre hits you with a +0 dire flail!
You block the two-headed ogre's attack.
Casting: Ensorcelled Hibernation (safe; 1% risk of failure)
Confirm with . or Enter, or press ? or * to list all spells.
Aiming: Confuse (safe; 1% risk of failure)
Press: ? - help, Shift-Dir - straight line, f/p - two-headed ogre
Aim: a two-headed ogre, wielding a +0 dire flail and a +0 giant club (heavily You feel a surge of power!
The two-headed ogre struggles to resist.
Casting: Confuse (safe; 1% risk of failure)
Confirm with . or Enter, or press ? or * to list all spells.
Aiming: Confuse (safe; 1% risk of failure)
Press: ? - help, Shift-Dir - straight line, f/p - two-headed ogre
Aim: a two-headed ogre, wielding a +0 dire flail and a +0 giant club (severely You feel a surge of power!
The two-headed ogre struggles to resist.
The two-headed ogre hits you with a +0 dire flail!!
Ouch! That really hurt!
You die...

#........# ######
#........### ##
#....######..........###.
#.##......'..........[('.
#.######.##.....)....###.
#......................##
########.#.....(...#.#.#
###'#.........'.#.#
#..@..........###.##
#..O..#'###....<#...
#.....#.###..#######
#..>................
#...[........#####..
##..........## #..
#.........(# ##.
#..........#######.
#...............##.


You could see a two-headed ogre.

Vanquished Creatures
  Pikel (D:4)
  Joseph (D:7)
  A hornet (D:7)
  A spriggan (D:8)
  Sigmund (D:3)
  4 yaks
  Edmund (D:5)
  Duvessa (D:7)
  An orc warrior (D:6)
  2 slaves (D:4)
  A sky beast (D:8)
  4 ogres
  2 bullfrogs (D:7)
  Dowan (D:7)
  4 scorpions
  6 killer bees
  2 howler monkeys
  4 crimson imps
  2 hounds (D:6)
  A bullfrog zombie (D:7)
  3 jellies
  7 orc priests
  10 orc wizards
  A centaur skeleton (D:5)
  Crazy Yiuf (D:7)
  2 bullfrog skeletons
  2 iguanas
  5 worker ants
  Natasha (thrice) (D:6)
  A howler monkey skeleton (D:4)
  A worker ant zombie (D:7)
  Robin (D:4)
  6 gnolls
  4 river rats (D:5)
  9 adders
  3 shadow imps
  9 worms
  4 dart slugs (D:1)
  7 leopard geckos
  40 orcs
  6 ball pythons (Sewer)
  7 bats
  6 giant cockroaches
  13 goblins
  9 hobgoblins
  12 jackals
  4 quokkas
  11 frilled lizards
  12 kobolds
  2 leopard gecko skeletons
  2 quokka skeletons
  8 rats
  A plant (Sewer)
253 creatures vanquished.

Notes
Turn   | Place    | Note
-------+----------+-------------------------------------------
     0 | D:1      | JeffiDaFish the Spriggan Enchanter began the quest for the
                  | Orb.
     0 | D:1      | Reached XP level 1. HP: 9/9 MP: 5/5
   334 | D:1      | Reached XP level 2. HP: 4/13 MP: 5/7
  1409 | D:1      | Learned a level 2 spell: Ensorcelled Hibernation
  1449 | D:1      | Reached XP level 3. HP: 16/16 MP: 5/8
  2284 | D:2      | Learned a level 3 spell: Confuse
  2298 | D:2      | Reached XP level 4. HP: 11/21 MP: 5/10
  3348 | D:3      | Noticed Sigmund
  3353 | D:3      | Killed Sigmund
  3353 | D:3      | Reached skill level 5 in Hexes
  3353 | D:3      | Reached skill level 1 in Ice Magic
  3353 | D:3      | Reached XP level 5. HP: 10/24 MP: 10/13
  3527 | D:3      | Reached XP level 6. HP: 25/28 MP: 3/14
  3613 | D:3      | Reached skill level 5 in Spellcasting
  3938 | D:3      | Learned a level 3 spell: Dazzling Spray
  3945 | D:3      | Found a runed gate.
  3945 | D:3      | Found a runed gate.
  3945 | D:3      | Found a runed gate.
  3945 | D:3      | Noticed dragnorr's ghost (amateur HuCj)
  4198 | D:4      | Noticed Robin
  4323 | D:4      | Killed Robin
  4601 | D:4      | Noticed a slave
  4602 | D:4      | Noticed Pikel
  4602 | D:4      | Noticed a slave
  4602 | D:4      | Noticed a slave
  4602 | D:4      | Noticed a slave
  4835 | D:4      | Reached skill level 5 in Dodging
  5513 | D:4      | Killed a slave
  5526 | D:4      | Killed a slave
  5530 | D:4      | Killed Pikel
  5530 | D:4      | Reached XP level 7. HP: 23/32 MP: 1/17
  5734 | D:5      | Entered Level 5 of the Dungeon
  5901 | D:5      | Reached XP level 8. HP: 33/36 MP: 16/19
  6085 | D:5      | Found a glowing drain.
  6091 | Sewer    | Entered a sewer
  6925 | D:5      | Noticed Edmund
  6927 | D:5      | Reached skill level 1 in Conjurations
  6933 | D:5      | You fall through a shaft!
  6978 | D:6      | Noticed Natasha
  6997 | D:6      | Killed Natasha
  7151 | D:6      | Got a shimmering buckler
  7152 | D:6      | Identified the +0 buckler of the Ladybird {rF+ rCorr} (You
                  | found it on level 6 of the Dungeon)
  7210 | D:6      | Noticed Natasha
  7222 | D:6      | Killed Natasha
  7360 | D:6      | Noticed Natasha
  7376 | D:6      | Killed Natasha
  7386 | D:6      | Gained mutation: You are partially covered in rugged brown
                  | scales. (AC +1, +3% HP) [potion of mutation]
  7386 | D:6      | Gained mutation: Your muscles are strong. (Str +2) [potion
                  | of mutation]
  7710 | D:7      | Noticed a hornet
  7724 | D:6      | Reached skill level 1 in Shields
  7939 | D:6      | Reached XP level 9. HP: 25/40 MP: 6/22
  8470 | D:5      | Killed Edmund
  9105 | D:7      | Noticed Joseph
  9136 | D:7      | Killed Joseph
  9136 | D:7      | Reached skill level 10 in Hexes
  9725 | D:7      | Found a runed door.
  9776 | D:7      | Noticed Crazy Yiuf
  9780 | D:7      | Killed Crazy Yiuf
  9944 | D:7      | Noticed Duvessa
  9944 | D:7      | Noticed Dowan
  9956 | D:7      | Killed Duvessa
 10108 | D:7      | Killed Dowan
 10108 | D:7      | Reached skill level 10 in Spellcasting
 10108 | D:7      | Reached XP level 10. HP: 45/45 MP: 19/25
 10128 | D:7      | Found a staircase to the Ecumenical Temple.
 10144 | Temple   | Entered the Ecumenical Temple
 10271 | Temple   | Became a worshipper of Sif Muna the Loreminder
 11859 | D:8      | Noticed a two-headed ogre
 11879 | D:7      | Mangled by a two-headed ogre

Vault maps used:
D:1:      sevenhm_arrival_forest_fort_large_3
D:2:      st_stairs_1, palyth_stone_intersect
D:3:      gammafunk_ghost_necromancy, first_ration, uniq_sigmund, uniq_natasha
D:4:      uniq_pikel, uniq_robin
D:5:      lightli_sewer_entry_pipes, uniq_edmund
D:6:      grunt_ministairs_15
D:7:      temple_hall, corexii_leaking_fountain, uniq_crazy_yiuf_cottage,
          uniq_duvessa, uniq_joseph
D:8:      the_bakery
Temple:   regret_index_temple_generic_petals
Sewer:    sewer_co_scattered_pipes

Skill      XL: |  1  2  3  4  5  6  7  8  9 10 |
---------------+-------------------------------+-----
Spellcasting   | 3 4 6 7 8 10 | 10.4
Hexes          | 4 5 7 9 10 | 10.7
Dodging        | 4 5 6 7 8 9 |  9.0
Ice Magic      | 1 2 |  2.4
Conjurations   | 1 2 |  2.0
Shields        | 1 3 |  3.9
Short Blades   | |  1.1
Stealth        | |  4.9

Action                   |  1- 3 |  4- 6 |  7- 9 | 10-12 || total
-------------------------+-------+-------+-------+-------++-------
Melee: Dagger            |   122 |   109 |   392 |   125 ||   748
 Cast: Corona            |    25 |     1 |       |       ||    26
       Ensorcelled Hiber |    15 |    49 |    95 |    29 ||   188
       Confuse           |       |     8 |    20 |    15 ||    43
       Dazzling Spray    |       |     3 |    16 |     4 ||    23
  Use: Scroll            |     3 |     4 |     4 |       ||    11
       Potion            |     2 |     1 |     5 |       ||     8
 Stab: Sleeping          |    17 |    29 |    63 |    14 ||   123
       Confused          |       |     2 |    13 |     3 ||    18
       Invisible         |       |       |     4 |       ||     4
       Distracted        |       |       |       |     1 ||     1
  Eat: Ration            |       |     2 |     2 |     1 ||     5
Armor: Robe              |     9 |     4 |    13 |    10 ||    36
Dodge: Dodged            |    82 |    67 |   300 |   103 ||   552
Block: Other             |     2 |    15 |    87 |    29 ||   133
       Reflection        |       |       |     3 |       ||     3

Table legend:
 A = Non-vault XP
 B = Vault XP
 C = Vault XP percentage of total XP
 D = Non-vault monster count
 E = Vault monster count
 F = Vault count percentage of total count
                 A         B        C        D         E       F
            +---------+---------+-------+---------+---------+-------
      Total |    4783 |    2178 |  31.3 |     191 |      59 |  23.6
            +---------+---------+-------+---------+---------+-------
        D:1 |      43 |       0 |   0.0 |      21 |       0 |   0.0
        D:2 |      68 |      15 |  18.1 |      19 |       2 |   9.5
        D:3 |     107 |     214 |  66.7 |      21 |       2 |   8.7
        D:4 |     207 |     649 |  75.8 |      13 |      11 |  45.8
        D:5 |    1103 |     259 |  19.0 |      20 |      12 |  37.5
        D:6 |     991 |      43 |   4.2 |      25 |       5 |  16.7
        D:7 |    1334 |     727 |  35.3 |      38 |       4 |   9.5
        D:8 |     930 |     224 |  19.4 |      34 |       1 |   2.9
      Sewer |       0 |      47 | 100.0 |       0 |      22 | 100.0
            +---------+---------+-------+---------+---------+-------
